Map: Dash and Terminal LE (Void)

Players

TatyGG

  • Race: Zerg Zerg
  • League: Gold

Pionier - Winner!

  • Race: Protoss Protoss
  • League: Gold

VOD

Have the link to the VOD?

Description

zvp help breaking in please

Time

  • Played on: Sept. 2, 2015, 12:04 p.m.
  • Length: 19:31
Show
View Real Time Build Order
Export as new Build Order

TatyGG Zerg 

Build Orders: Pool First 

Get SALT Encoding   

  12  0:01  Drone  
  13  0:12  Overlord  
  13  0:18  Drone  
  14  0:31  Drone x2  
  14  0:34  Drone  
  17  0:45  Drone, Extractor  
  17  0:52  Spawning Pool  
  17  0:56  Drone  
  17  1:09  Drone  
  18  1:20  Hatchery  
  17  1:40  Drone  
  18  1:50  Zergling x4  
  18  1:51  Zergling x2  
  21  1:59  Extractor, Queen  
  22  2:01  Overlord  
  23  2:17  Metabolic Boost  
  23  2:23  Drone  
  23  2:24  Drone  
  25  2:32  Queen  
  25  2:34  Queen  
  25  2:35  Drone  
  29  2:47  Drone  
  29  2:48  Drone x2  
  33  2:58  Drone x2  
  34  3:23  Drone  
  34  3:24  Drone  
  34  3:25  Overlord  
  35  3:47  Drone x2  
  36  3:56  Drone x6  
  36  3:57  Drone  
  36  4:02  Hatchery  
  42  4:03  Drone  
  42  4:08  Hatchery  
  42  4:14  Drone x2  
  44  4:20  Overlord  
  44  4:21  Overlord  
  44  4:31  Extractor  
  44  4:32  Extractor  
  44  4:33  Drone x2  
  44  4:38  Overlord, Queen  
  44  4:42  Lair  
  46  4:47  Drone x3, Extractor  
  46  4:50  Drone x2  
  46  4:51  Drone  
  51  4:57  Roach Warren  
  50  5:01  Drone x2  
  52  5:12  Zergling x2  
  52  5:13  Zergling x2  
  54  5:24  Overlord x2  
  54  5:28  Drone  
  54  5:29  Drone x3  
  58  5:39  Roach  
  58  5:40  Roach x6  
  72  5:46  Roach x4  
  72  5:48  Overlord  
  82  5:50  Roach x3  
  82  5:52  Glial Reconstitution  
  86  5:57  Hydralisk Den, Roach x3  
  86  5:58  Roach  
  93  6:11  Roach x5  
  101  6:14  Overlord  
  101  6:15  Overlord  
  103  6:35  Hydralisk x6  
  103  6:36  Hydralisk  
  117  6:41  Muscular Augments  
  111  7:15  Drone x6  
  117  7:16  Drone x2  
  119  7:23  Spine Crawler  
  119  7:25  Spine Crawler  
  119  7:27  Evolution Chamber  
  116  7:30  Evolution Chamber  
  116  7:33  Hydralisk x2  
  116  7:37  Overlord x2  
  119  7:39  Overlord  
  117  7:53  Spore Crawler  
  117  7:54  Spine Crawler  
  117  7:55  Spine Crawler  
  114  8:04  Ravager x2  
  114  8:05  Ravager x7  
  115  8:30  Roach  
  115  8:31  Roach x9  
  135  8:46  Drone x5  
  135  8:47  Drone x4  
  119  9:20  Roach x4  
  119  9:21  Roach x8  
  120  9:44  Hydralisk  
  120  9:45  Hydralisk x7  
  97  10:04  Lurker Den  
  97  10:05  Hydralisk x5  
  107  10:27  Extractor x2  
  105  10:32  Drone x2  
  105  10:33  Drone x6  
  113  10:41  Hatchery  
  88  11:00  Hydralisk  
  88  11:01  Hydralisk x9  
  82  11:13  Overseer x2  
  84  11:25  Roach  
  84  11:26  Roach x5  
  94  11:53  Roach  
  110  11:54  Roach x10  
  114  12:16  Roach x9  
  116  12:46  Hydralisk  
  116  12:47  Hydralisk x8  
  106  13:11  Roach  
  106  13:12  Roach x10  
  112  13:18  Hydralisk  
  112  13:19  Hydralisk x2  
  108  13:22  Pneumatized Carapace  
  108  13:29  Zerg Ground Armor Level 1  
  108  13:31  Zerg Missile Weapons Level 1  
  104  14:09  Roach x9  
  134  14:10  Roach x9  
  106  14:28  Roach  
  106  14:29  Roach x8  
  116  14:44  Spire  
  116  14:45  Roach  
  117  14:46  Infestation Pit, Roach x3  
  122  14:59  Extractor  
  121  15:00  Extractor, Queen  
  122  15:12  Hydralisk  
  122  15:13  Hydralisk x2  
  128  15:33  Hive  
  128  15:51  Overlord  
  128  15:56  Corruptor x7  
  132  16:01  Overlord  
  142  16:18  Zerg Ground Armor Level 2, Zerg Missile Weapons Level 2  
  135  16:32  Zerg Flyer Weapons Level 1  
  113  17:03  Roach  
  113  17:04  Roach x14  
  97  17:37  Hydralisk  
  97  17:38  Hydralisk x7  
  97  17:43  Overseer x2  
  113  18:15  Overseer  
  113  18:16  Hydralisk  
  113  18:17  Hydralisk x7  
  131  18:20  Roach  
  117  18:40  Roach  
  117  18:41  Roach x6  
  95  18:56  Hydralisk x4  
  95  18:59  Roach  
Show
View Real Time Build Order
Export as new Build Order

Pionier Protoss - Winner!

Build Orders: Forge Fast Expand (FFE) 

Get SALT Encoding   

  12  0:08  Probe  
  13  0:20  Probe  
  14  0:23  Pylon  
  14  0:33  Probe  
  15  0:43  Forge  
  15  0:45  Probe  
  17  0:57  Probe  
  17  1:09  Probe  
  18  1:21  Probe  
  18  1:23  Pylon  
  19  1:33  Probe  
  19  1:36  Nexus  
  20  1:41  Gateway  
  20  1:45  Probe  
  21  1:48  Photon Cannon  
  21  1:56  Assimilator  
  21  1:59  Assimilator  
  21  2:03  Pylon  
  21  2:07  Probe  
  22  2:14  Pylon  
  22  2:19  Probe  
  23  2:29  Cybernetics Core  
  23  2:31  Probe  
  26  2:37  Zealot  
  26  2:43  Probe  
  27  2:49  Photon Cannon  
  27  3:03  Pylon  
  27  3:04  Pylon  
  27  3:09  Probe x2  
  29  3:14  Warp Gate  
  29  3:26  Pylon  
  29  3:27  Probe  
  30  3:34  Adept  
  30  3:39  Mothership Core  
  34  3:52  Gateway  
  34  3:53  Gateway  
  34  3:56  Probe  
  34  4:00  Probe  
  36  4:14  Probe  
  36  4:15  Stalker  
  39  4:22  Robotics Facility  
  39  4:23  Probe  
  40  4:26  Probe  
  40  4:27  Pylon  
  41  4:32  Protoss Shields Level 1  
  41  4:35  Probe  
  41  4:38  Probe  
  43  4:48  Probe  
  43  4:50  Probe  
  45  5:00  Probe  
  45  5:02  Probe  
  47  5:12  Probe  
  48  5:14  Probe  
  48  5:16  Warp Prism  
  48  5:21  Nexus  
  51  5:23  Pylon  
  51  5:24  Probe  
  51  5:25  Adept x2  
  51  5:26  Sentry, Probe  
  59  5:36  Probe  
  59  5:38  Probe  
  59  5:42  Photon Cannon  
  61  5:44  Gateway  
  61  5:47  Sentry x2  
  61  5:48  Probe  
  66  5:51  Gateway  
  66  5:53  Observer  
  66  5:55  Pylon  
  67  6:03  Adept  
  69  6:05  Probe x2  
  69  6:07  Assimilator  
  69  6:10  Assimilator  
  71  6:14  Observer  
  71  6:17  Probe x2  
  74  6:20  Stalker  
  74  6:21  Stalker  
  78  6:29  Probe x2  
  78  6:30  Pylon  
  80  6:38  Adept  
  82  6:40  Immortal  
  82  6:41  Probe x2  
  82  6:43  Adept  
  90  6:53  Probe  
  91  7:07  Robotics Bay  
  91  7:08  Pylon x2  
  91  7:13  Adept x3  
  91  7:14  Adept x2  
  91  7:15  Probe x3  
  103  7:17  Assimilator  
  103  7:19  Assimilator  
  103  7:22  Protoss Ground Weapons Level 1  
  104  7:27  Probe  
  104  7:28  Twilight Council  
  105  7:50  Immortal  
  105  7:51  Probe x2  
  111  8:01  Extended Thermal Lance  
  111  8:02  Gateway x2  
  111  8:07  Zealot x4  
  111  8:08  Zealot  
  111  8:29  Immortal  
  111  8:31  Stalker x5  
  121  8:51  Charge  
  121  8:53  Probe x3  
  116  9:05  Adept x5  
  124  9:15  Colossus  
  94  9:36  Zealot x6  
  94  9:37  Zealot  
  76  10:09  Colossus, Pylon  
  76  10:10  Zealot x5  
  76  10:13  Pylon  
  92  10:35  Robotics Facility  
  92  10:38  Adept x5, Pylon  
  92  10:40  Nexus, Pylon  
  102  10:43  Pylon  
  102  10:44  Pylon  
  94  10:51  Zealot  
  94  10:52  Zealot  
  94  11:01  Zealot x5  
  94  11:07  Colossus  
  100  11:27  Forge  
  100  11:31  Forge  
  100  11:33  Disruptor  
  100  11:37  Zealot  
  100  11:38  Forge, Zealot x6  
  114  12:01  Colossus  
  114  12:04  Zealot  
  114  12:05  Zealot x5  
  114  12:06  Zealot  
  134  12:09  Colossus  
  140  12:16  Probe  
  140  12:17  Probe x2  
  141  12:43  Assimilator  
  137  12:45  Sentry x4, Assimilator  
  137  12:46  Sentry  
  147  12:54  Colossus  
  141  13:02  Colossus  
  112  13:18  Zealot x3  
  112  13:19  Zealot x4  
  124  13:30  Photon Cannon  
  124  13:32  Protoss Ground Weapons Level 2, Photon Cannon  
  124  13:33  Pylon, Protoss Ground Armor Level 1  
  124  13:34  Photon Cannon  
  124  13:35  Photon Cannon  
  124  13:46  Twilight Council  
  124  13:48  Zealot, Pylon  
  124  13:49  Observer, Zealot  
  124  13:52  Zealot x6  
  124  13:53  Zealot  
  128  14:10  Warp Prism  
  128  14:12  Observer  
  109  14:31  Photon Cannon  
  109  14:33  Photon Cannon  
  109  14:35  Pylon  
  110  14:46  Observer  
  110  14:47  Observer  
  111  15:04  Templar Archives  
  111  15:07  Colossus  
  111  15:08  Colossus  
  111  15:10  Zealot x2  
  111  15:11  Zealot x5  
  137  15:34  Sentry  
  137  15:35  Sentry x5  
  147  15:36  Sentry  
  147  15:59  Adept x4  
  147  16:00  Adept, Disruptor  
  147  16:02  Disruptor  
  153  16:40  High Templar x5  
  153  16:41  High Templar x2  
  167  16:48  Archon  
  167  16:49  Archon x2  
  117  17:06  Disruptor x2  
  106  17:18  Zealot x3  
  106  17:19  Zealot x4  
  99  17:38  Probe  
  99  17:39  Probe x3  
  99  17:42  Disruptor  
  106  17:45  High Templar x7  
  106  17:47  Archon x3  
  106  17:48  Archon  
  120  17:54  Nexus  
  120  17:58  Disruptor, Pylon  
  120  18:00  Pylon  
  120  18:03  Pylon  
  120  18:04  Probe x4  
  126  18:17  Disruptor  
  126  18:19  Zealot x3  
  135  18:20  Zealot x4  
  123  18:46  Stalker x4  
  123  18:47  Stalker x3  
  129  19:29  Zealot  
  129  19:30  Zealot x6  
Tags
 
Add a new tag
Caveats
  • Supply blocks, unpowered buildings, or Contaminate may cause inaccurate times.
  • Supply counts are checked every 10 seconds.